 Dungeon Crawl Stone Soup version 0.29-a0-284-gf9362112df (webtiles) character file.

Game seed: 12564907664058078568

1544 spaghetti the Ruffian (level 8, -4/91 HPs)
             Began as a Demonspawn Berserker on Mar 21, 2022.
             Was a Believer of Trog.
             Slain by a water moccasin (5 damage)
             ... on level 8 of the Dungeon.
             The game lasted 00:09:30 (8436 turns).

spaghetti the Ruffian (Demonspawn Berserker)        Turns: 8436, Time: 00:09:31

Health: -4/91      AC:  2    Str: 20    XL:     8   Next: 56%
Magic:  8/8        EV: 12    Int: 13    God:    Trog [**....]
Gold:   412        SH:  0    Dex: 12    Spells: 7/7 levels left

rFire   . . .      SeeInvis .   e - +0 great mace (protect) {mace}
rCold   . . .      Faith    .   (shield currently unavailable)
rNeg    . . .      Spirit   .   b - +0 animal skin
rPois   .          Reflect  .   (no helmet)
rElec   .          Harm     .   (no cloak)
rCorr   .          Rampage  .   (no gloves)
Will    .....                   (no boots)
Stlth   ..........              (no amulet)
HPRegen 0.25/turn               (no ring)
MPRegen 0.11/turn               (no ring)

@: berserking, very quick
A: claws 1, big brain 2
a: Renounce Religion, Berserk, Trog's Hand


You were on level 8 of the Dungeon.
You worshipped Trog.
Trog was pleased with you.
You visited 1 branch of the dungeon, and saw 7 of its levels.

You collected 412 gold pieces.


Innate Abilities, Weirdness & Mutations

You have sharp fingernails.
You have an extremely huge brain. (Int +4)


   Skills:
 - Level 4.4 Fighting
 - Level 2.6 Long Blades
 - Level 5.8 Maces & Flails
 - Level 1.7 Armour
 - Level 2.3 Dodging
 + Level 6.9 Unarmed Combat


You had 7 spell levels left.
You didn't know any spells.
Your spell library contained the following spells:

 Spells                   Type           Power      Damage    Failure   Level
 Sting                    Tmut/Pois      0%         1d3       30%         1
 Ensorcelled Hibernation  Hex/Ice        0%         N/A       43%         2
 Poisonous Vapours        Pois/Air       0%         N/A       43%         2
 Spider Form              Tmut/Pois      0%         N/A       67%         3
 Anguish                  Hex/Necr       0%         N/A       97%         4
 Olgreb's Toxic Radiance  Pois           0%         N/A       97%         4
 Summon Lightning Spire   Summ/Air       0%         N/A       97%         4
 Storm Form               Tmut/Air       0%         N/A       100%        7
 Maxwell's Capacitive Co  Air            0%         ∞         100%        8

Inventory:

Hand Weapons
 e - a +0 great mace of protection (weapon) {mace}
   (You found it on level 2 of the Dungeon)
 j - a +0 morningstar {mace}
   (You took it off an orc on level 4 of the Dungeon)
 q - a +1 whip of venom {mace}
   (You took it off an orc on level 3 of the Dungeon)
Missiles
 d - 5 poisoned darts {throwing}
 m - 172 stones (quivered) {throwing}
 u - 2 datura-tipped darts {throwing}
 v - 4 curare-tipped darts {=fthrowing}
Armour
 b - a +0 animal skin (worn)
 i - the +0 ring mail of Niexowot {Rampage Slay-4 SInv}
   (You took it off a hobgoblin on level 2 of the Dungeon)

   Slay:      It affects your accuracy & damage with ranged weapons and melee
   (-4).
   SInv:      It lets you see invisible.
   Rampage:   It bestows one free step when moving towards enemies.
Magical Staves
 o - a staff of cold {forbidden!astaff}
   (You found it on level 2 of the Dungeon)
Jewellery
 h - a ring of resist corrosion
   (You found it on level 1 of the Dungeon)
Wands
 t - a wand of mindburst (6)
   (You found it on level 6 of the Dungeon)
 w - a wand of iceblast (9)
   (You found it on level 5 of the Dungeon)
Scrolls
 a - 3 scrolls of teleportation {@r4}
 c - a scroll of silence {!r}
 k - a scroll of holy word {!r}
 l - a scroll of noise {!r}
 x - a scroll of magic mapping {!r}
 y - a scroll of blinking {!r}
 B - a scroll of immolation {unknown}
Potions
 f - 2 potions of curing {@q1}
 g - a potion of degeneration {unknown}
 n - a potion of invisibility
 p - 2 potions of resistance
 r - a potion of berserk rage {!q}
 s - a potion of attraction {!q}
 z - a potion of lignification {!q}
 A - a potion of might

Dungeon Overview and Level Annotations

Branches:
Dungeon (6/15)             Temple (0/1) D:6

Altars:

Shops:
D:2 *   D:4 * D:5

! .....# $[...
.....# #
....### .# ##
...#.. .
..((###..#.#.#
#.(c.S.#.#.#.
#@......#
######.##.###.
#.........#
#......##.#
#......##.#
#.....###.#
#.........#
#######....
.#.#


You could see a water moccasin and a centaur.


Message History

Your Unarmed Combat skill increases to level 6!
No target in view!
No target in view!
No target in view!
No target in view!
No target in view!
No target in view!
No target in view!
No target in view!
No target in view!
No target in view!
No target in view!
No target in view!
No target in view!
You now have 412 gold pieces (gained 9).
m - 153 stones {throwing} (gained 3) Key pressed, stopping explore.
A sourceless malevolence fills the Dungeon...
You fall into a shaft and drop 2 floors!
The shaft crumbles and collapses.
m - 176 stones {throwing} (gained 23)
B - a scroll labelled OBYVVEI DEJOGH A troll comes into view.
A troll is nearby!
You throw a stone {throwing}.
The stone {throwing} hits the troll but does no damage.
The troll shouts!
You hear an angry hiss.
You throw a stone {throwing}.
The stone {throwing} hits the troll but does no damage.
You throw a stone {throwing}.
The stone {throwing} hits the troll but does no damage.
You throw a stone {throwing}.
The stone {throwing} hits the troll but does no damage.
A centaur comes into view.
You closely miss the troll.
A water moccasin comes into view.
The troll barely misses you. x2; The troll completely misses you.
The centaur shouts!
You thump the troll!
Your weapon exudes an aura of protection.
The troll closely misses you. The troll claws you! The troll claws you.
The troll bites you! The troll claws you!
* * * LOW HITPOINT WARNING * * *
The troll claws you.
* * * LOW HITPOINT WARNING * * *
You are too injured to fight recklessly!
You are too injured to fight recklessly! 😨 HP[-33]
You take 33 damage, and now have 28/61 hp.
MASSIVE DAMAGE!! (PAUSE)
A red film seems to cover your vision as you go berserk!
You feel yourself moving faster!
You feel mighty! The troll bites you!
* * * LOW HITPOINT WARNING * * *
The troll claws you!
* * * LOW HITPOINT WARNING * * *
The troll claws you but does no damage. 😨 HP[-5]
You now have 91 max hp (+30).
You bludgeon the troll!! The troll barely misses you.
The troll claws you but does no damage. The troll barely misses you. 😨 HP[+1]
You hit the troll. The troll bites you but does no damage.
The troll barely misses you. The troll claws you.
* * * LOW HITPOINT WARNING * * *
The water moccasin bites you but does no damage. 😨 HP[-1]
You take 1 damage, and now have 23/91 hp.
You hit the troll.
You kill the troll!
Trog accepts your kill.
The centaur wields a +0 shortbow.
The centaur shoots an arrow.
The arrow hits you but does no damage.
The water moccasin completely misses you.
The centaur shoots an arrow.
The arrow hits you.
* * * LOW HITPOINT WARNING * * *
😱 HP[-2]
You take 2 damage, and now have 21/91 hp.
You closely miss the water moccasin.
The water moccasin bites you but does no damage.
The centaur shoots an arrow.
The arrow hits you.
* * * LOW HITPOINT WARNING * * *
😱 HP[-4]
You take 4 damage, and now have 17/91 hp.
You miss the water moccasin. The water moccasin misses you.
The centaur shoots an arrow.
The arrow hits you.
* * * LOW HITPOINT WARNING * * *
The water moccasin closely misses you. 😱 HP[-3]
You take 3 damage, and now have 14/91 hp.
You closely miss the water moccasin.
The centaur shoots an arrow.
The arrow misses you. The water moccasin bites you!
* * * LOW HITPOINT WARNING * * *
The centaur shoots an arrow.
The arrow hits you.
* * * LOW HITPOINT WARNING * * *
😱 HP[-13]
You take 13 damage, and now have 1/91 hp.
You barely miss the water moccasin. The water moccasin barely misses you.
The centaur shoots an arrow.
The arrow closely misses you.
You miss the water moccasin. The water moccasin bites you.
You die...

Skill      XL: |  1  2  3  4  5  6  7  8 |
---------------+-------------------------+-----
Dodging        | 2 |  2.3
Fighting       | 4 |  4.4
Maces & Flails | 1 3 4 5 |  5.8
Unarmed Combat | 4 6 |  6.9
Long Blades    | |  2.6
Armour         | |  1.7

Action                   |  1- 3 |  4- 6 |  7- 9 || total
-------------------------+-------+-------+-------++-------
Melee: Falchion          |    48 |       |       ||    48
       Long sword        |    66 |    31 |       ||    97
       Punch             |     1 |     1 |       ||     2
       Whip              |       |   134 |       ||   134
       Great mace        |       |    41 |    80 ||   121
Throw: Dart              |     9 |    12 |     1 ||    22
       Stone             |       |       |     7 ||     7
Invok: Berserk           |     7 |     5 |     6 ||    18
       Trog's Hand       |       |     2 |       ||     2
  Use: Potion            |     3 |     6 |       ||     9
       Scroll            |     3 |     3 |     2 ||     8
 Stab: Sleeping          |       |     1 |     1 ||     2
Armor: Animal skin       |    29 |    23 |    23 ||    75
       Skin              |    36 |     2 |       ||    38
Dodge: Dodged            |   119 |   120 |    73 ||   312

Levels and vault maps discovered:
D:1:      roderic_chinese_lattice_arrival, layout_loops_corners, nrook_campfire,
          serial_bayou_pond_a, palyth_stone_intersect,
          hangedman_decor_peaks_small, roderic_serpentine_path
D:2:      layout_basic, shapermc_ecumenical_altar_acropolis, serial_shops, shop
D:3:      layout_basic, minmay_shallow_snake_nest
D:4:      layout_basic, serial_shops, shop, eino_small_chamber_without_monster
D:5:      layout_loops_cross, serial_shops, shop
D:6:      cheibrodos_two_vegetables, layout_rooms, temple_pool_b,
          ebering_ghost_gozag, grunt_ministairs_4, uniq_sigmund
D:8:      layout_loops_cross, serial_shops, shop, uniq_grum

Notes
Turn   | Place    | Note
-------+----------+-------------------------------------------
     0 | D:1      | spaghetti the Demonspawn Berserker began the quest for the
                  | Orb.
     0 | D:1      | Reached XP level 1. HP: 18/18 MP: 1/1
     0 | D:1      | magus.rc [v1.9.6]
   320 | D:1      | HP: 4/18 [ball python (2)]
   829 | D:1      | Gained mutation: You have an unusually large brain. (Int
                  | +2) [demonic ancestry]
   829 | D:1      | Reached XP level 2. HP: 24/24 MP: 2/2
  1548 | D:1      | Reached skill level 2 in Dodging
  1633 | D:1      | Reached skill level 4 in Fighting
  1655 | D:2      | Reached XP level 3. HP: 22/30 MP: 3/3
  1657 | D:1      | HP: 7/30 [jackal (1)]
  1918 | D:2      | Found a faded altar of an unknown god.
  2055 | D:2      | Identified the +0 ring mail of Niexowot {Rampage Slay-4
                  | SInv}
  2082 | D:2      | You pick up a book of Dreams {forbidden} and begin
                  | reading...
  2082 | D:2      | You add the spells Ensorcelled Hibernation, Spider Form and
                  | Anguish to your library.
  2090 | D:2      | Found Moskuoll's General Store.
  2613 | D:2      | Reached skill level 1 in Maces & Flails
  2620 | D:2      | Reached XP level 4. HP: 37/37 MP: 4/4
  2726 | D:3      | Reached ** piety under Trog
  2727 | D:3      | Reached skill level 2 in Maces & Flails
  2736 | D:3      | HP: 8/37 [orc/+0 mace (5)]
  2744 | D:3      | HP: 9/37 [orc wizard/+0 dagger (4)]
  2748 | D:3      | Reached skill level 3 in Maces & Flails
  2748 | D:3      | Reached XP level 5. HP: 8/42 MP: 5/5
  2750 | D:3      | You add the spells Sting, Poisonous Vapours and Olgreb's
                  | Toxic Radiance to your library.
  3590 | D:3      | HP: 8/42 [orc/+0 hand axe (4)]
  3596 | D:3      | HP: 8/63 [orc/+0 short sword (2)]
  4366 | D:3      | Reached skill level 4 in Maces & Flails
  5098 | D:3      | Reached XP level 6. HP: 29/48 MP: 6/6
  5957 | D:4      | Found Zeijo's Assorted Antiques.
  6017 | D:4      | Reached skill level 5 in Maces & Flails
  6510 | D:5      | Entered Level 5 of the Dungeon
  6826 | D:5      | You pick up a book of the Sky {forbidden} and begin
                  | reading...
  6826 | D:5      | You add the spells Summon Lightning Spire, Storm Form and
                  | Maxwell's Capacitive Coupling to your library.
  7011 | D:5      | Gained mutation: You have sharp fingernails. [demonic
                  | ancestry]
  7011 | D:5      | Reached XP level 7. HP: 54/54 MP: 7/7
  7208 | D:5      | Reached skill level 1 in Unarmed Combat
  7421 | D:5      | Found Rogron's Distillery.
  7590 | D:6      | Reached skill level 2 in Unarmed Combat
  7835 | D:6      | Reached skill level 3 in Unarmed Combat
  7843 | D:6      | Reached skill level 4 in Unarmed Combat
  7885 | D:6      | Found a staircase to the Ecumenical Temple.
  7926 | D:6      | Gained mutation: You have an extremely huge brain. (Int +4)
                  | [demonic ancestry]
  7926 | D:6      | Reached XP level 8. HP: 32/58 MP: 8/8
  8073 | D:6      | Reached skill level 5 in Unarmed Combat
  8375 | D:6      | Reached skill level 6 in Unarmed Combat
  8402 | D:6      | You fall into a shaft and drop 2 floors!
  8421 | D:8      | Noticed a troll
  8431 | D:8      | Killed a troll
  8431 | D:8      | HP: 21/91 [centaur/arrow (2)]
  8434 | D:8      | HP: 6/91 [water moccasin (8)]
  8434 | D:8      | HP: 1/91 [centaur/arrow (5)]
  8436 | D:8      | Slain by a water moccasin

Vanquished Creatures
  A troll (D:8)
  A sky beast (D:6)
  An ogre (D:6)
  A centaur (D:6)
  A phantom (D:6)
  2 necrophages
  A scorpion (D:6)
  3 wights (D:6)
  4 hounds
  A jelly (D:5)
  2 gnoll shamans
  2 iguanas
  4 orc wizards
  9 adders
  11 gnolls
  2 worms (D:2)
  3 dart slugs
  14 orcs
  5 endoplasms
  2 giant cockroaches
  2 goblins
  9 hobgoblins
  15 jackals
  6 quokkas
  11 ball pythons
  2 bats
  A frilled lizard (D:3)
  3 kobolds
  3 rats
122 creatures vanquished.

Vanquished Creatures (others)
  4 fungi (D:2)
4 creatures vanquished.

Grand Total: 126 creatures vanquished

Table legend:
 A = Non-vault XP
 B = Vault XP
 C = Vault XP percentage of total XP
 D = Non-vault monster count
 E = Vault monster count
 F = Vault count percentage of total count
                 A         B        C        D         E       F
            +---------+---------+-------+---------+---------+-------
      Total |    1972 |     234 |  10.6 |     108 |      14 |  11.5
            +---------+---------+-------+---------+---------+-------
        D:1 |      43 |       0 |   0.0 |      21 |       0 |   0.0
        D:2 |      61 |       0 |   0.0 |      23 |       0 |   0.0
        D:3 |     253 |      23 |   8.3 |      24 |       8 |  25.0
        D:4 |     195 |       0 |   0.0 |      15 |       0 |   0.0
        D:5 |     345 |       0 |   0.0 |      13 |       0 |   0.0
        D:6 |     763 |     211 |  21.7 |      11 |       6 |  35.3
        D:8 |     312 |       0 |   0.0 |       1 |       0 |   0.0
            +---------+---------+-------+---------+---------+-------

Illustrated notes

Table legend:
 A = Kills in this place as a percentage of kills in entire the game.
 B = Kills by you in this place as a percentage of kills by you in the entire game.
 C = Kills by friends in this place as a percentage of kills by friends in the entire game.
 D = Other kills in this place as a percentage of other kills in the entire game.
 E = Experience gained in this place as a percentage of experience gained in the entire game.
 F = Experience gained in this place divided by the number of levels of this place that you have seen.
                   A       B       C       D       E      F
               +-------+-------+-------+-------+-------+----------------------
         Total | 100.0 | 100.0 |   N/A |   N/A | 100.0 | 315.1
       Dungeon | 100.0 | 100.0 |   N/A |   N/A | 100.0 | 315.1
               +-------+-------+-------+-------+-------+----------------------

Table legend: (Time is in decaauts)
 A = Elapsed time spent in this place.
 B = Non-inter-level travel time spent in this place.
 C = Inter-level travel time spent in this place.
 D = Time resting spent in this place.
 E = Time spent auto-exploring this place.
 F = Levels seen in this place.
 G = Mean time per level.
                   A        B        C        D        E       F      G
               +--------+--------+--------+--------+--------+-----+--------+
         Total |   8670 |   8548 |    122 |   3839 |   3735 |   7 | 1238.6 |
       Dungeon |   8670 |   8548 |    122 |   3839 |   3735 |   7 | 1238.6 |
               +--------+--------+--------+--------+--------+-----+--------+

Top non-repeatable levels by time:
     D:3: 2297 daAuts
     D:1: 1917 daAuts
     D:2: 1224 daAuts
     D:4: 1215 daAuts
     D:5: 1102 daAuts
     D:6: 879 daAuts
     D:8: 34 daAuts
